 Dungeon Crawl Stone Soup version 0.30-a0-137-gd8773701ce (console) character file.

Game seed: 2824583223401385482

997 Colgate the Insei (level 8, 0/48 HPs)
             Began as an Octopode Transmuter on Sept 23, 2022.
             Was an Initiate of Yredelemnul.
             Slain by a hound (1 damage)
             ... on level 5 of the Dungeon on Sept 24, 2022.
             The game lasted 00:35:59 (9960 turns).

Colgate the Insei (Octopode Transmuter)             Turns: 9960, Time: 00:36:00

Health: 0/48       AC: -3    Str: 10    XL:     8   Next: 19%
Magic:  11/12      EV: 13    Int: 17    God:    Yredelemnul [......]
Gold:   29         SH:  0    Dex: 12    Spells: 3/13 levels left

rFire   . . .      SeeInvis .      - Unarmed
rCold   . . .      Faith    .    (no shield)
rNeg    . . .      Spirit   .    (helmet restricted)
rPois   .          Reflect  .    (no amulet)
rElec   .          Harm     .    p - +4 ring of slaying
rCorr   .          Rampage  .    (no ring)
Will    .....                    (no ring)
Stlth   +++.......               (no ring)
HPRegen 0.16/turn                (no ring)
MPRegen 0.13/turn                (no ring)
                                 (no ring)
                                 (no ring)

@: wereblooded, corroded
A: almost no armour, amphibious, 8 rings, camouflage 1, gelatinous body 1,
(nimble swimmer 1), tentacles
a: Renounce Religion, Recall Undead Harvest


You were on level 5 of the Dungeon.
You worshipped Yredelemnul.
Yredelemnul was noncommittal.
You visited 1 branch of the dungeon, and saw 5 of its levels.

You collected 159 gold pieces.
You spent 130 gold pieces at shops.

Inventory:

Jewellery
 p - a +4 ring of slaying (left tentacle)
Scrolls
 b - a scroll of butterflies {unknown}
 c - a scroll of torment {unknown}
 d - 2 scrolls of identify {unknown}
 e - 3 scrolls of magic mapping {unknown}
 f - 2 scrolls of amnesia {unknown}
 h - 2 scrolls of immolation {unknown}
 i - a scroll of poison {unknown}
 j - 4 scrolls of teleportation {unknown}
 k - 2 scrolls of fear {unknown}
 l - a scroll of summoning {unknown}
 o - a scroll of blinking {unknown}
 q - a scroll of vulnerability {unknown}
Potions
 a - 2 potions of lignification
 g - 4 potions of heal wounds {@q2}
 m - 2 potions of degeneration {unknown}
 n - a potion of curing {@q1}
 r - a potion of haste {@q4}


   Skills:
 - Level 1.0 Fighting
 - Level 2.0 Dodging
 - Level 3.1 Stealth
 + Level 6.4 Unarmed Combat
 - Level 3.1 Spellcasting
 - Level 4.0 Transmutations
 - Level 4.4 Ice Magic
 - Level 1.9 Invocations


You had 3 spell levels left.
You knew the following spells:

 Your Spells              Type           Power      Damage    Failure   Level
a - Beastly Appendage     Tmut           32%        N/A       3%          1
b - Wereblood             Tmut           16%        N/A       4%          2
c - Spider Form           Tmut/Pois      9%         N/A       22%         3
d - Ice Form              Ice/Tmut       17%        N/A       30%         4

Your spell library contained the following spells:

 Spells                   Type           Power      Damage    Failure   Level
 Slow                     Hex            8%         N/A       17%         1
 Sublimation of Blood     Necr           2%         N/A       26%         2
 Confusing Touch          Hex            2%         N/A       45%         3
 Gell's Gravitas          Tloc           2%         N/A       45%         3
 Lesser Beckoning         Tloc           2%         N/A       45%         3
 Teleport Other           Tloc           2%         N/A       45%         3
 Vampiric Draining        Necr           2%         2d6       45%         3
 Petrify                  Tmut/Erth      9%         N/A       58%         4
 Irradiate                Conj/Tmut      4%         3d13      91%         5


Dungeon Overview and Level Annotations

Branches:
Dungeon (5/15)
 Temple: D:4-7

Altars:
Dithmenos
Fedhas
Hepliaklqana
Qazlal
Ru
Vehumet
Yredelemnul
The Shining One

Shops:
D:3 !

Annotations:
D:2 GEX alttari


Innate Abilities, Weirdness & Mutations

You cannot wear most types of armour.
You are amphibious.
You can wear up to eight rings at the same time.
Your skin changes colour to match your surroundings (Stealth+).
Your rubbery body absorbs attacks. (AC +1, EV +1)
((You are camouflaged when in or above water. (Stealth+)))
You have tentacles for arms and can constrict up to eight enemies at once.


Message History

Casting: Ice Form (quite dangerous; 30% risk of failure)
You turn into a creature of crystalline ice.
No target in view!
An adder is nearby!
An adder is nearby!
A hound comes into view.
There are monsters nearby!
There are monsters nearby!
An adder is nearby!
The helpless adder fails to defend itself.
You punch the adder! You freeze the adder.
You kill the adder!
Your transformation is almost over.
An orc and a jelly come into view.
Found a stone staircase leading down and a stone staircase leading up.
Casting: Ice Form (quite dangerous; 30% risk of failure)
Your blood is infused with primal strength.
Found a dark potion.
You warm up again.
The orc shouts!
The orc hits you with a +0 mace.
You tentacle-slap the jelly. The acid corrodes you!
Your tentacles burn!
You squeeze the jelly!
Your orc zombie hits the hound but does no damage.
You completely miss the jelly. The hound bites you.
The orc hits you with a +0 mace. The jelly barely misses you.
The hound barely misses you.
Your orc zombie barely misses the hound.
You tentacle-slap the jelly.
Your tentacles burn!
You squeeze the jelly.
You feel a bit better.
You kill the jelly!
The dead are walking!
The orc hits you with a +0 mace! The hound bites you.
You barely miss the hound. Your grab misses the hound. The hound bites you.
Your orc zombie misses the hound.
The orc hits you with a +0 mace!
* * * LOW HITPOINT WARNING * * *
The hound bites you.
* * * LOW HITPOINT WARNING * * *
You tentacle-slap the hound. Your grab misses the hound. You squeeze the hound.
The orc hits you with a +0 mace!
* * * LOW HITPOINT WARNING * * *
Your orc zombie barely misses the hound.
The hound bites you.
You die...
Your body rises from the dead as a mindless zombie.

#.##.# #.##.#
#######.##.#
...........#
..........##
####.##.#.# #.
#.#.#
##!##.#.#####.#
#.....Z.......#
###>###h..#######
......o@..#
......##Z.#
###.#. #..# # #
..... ..<###
##.## #.# .#


You could see a hound (ally target), an orc (ally target), a friendly jelly
zombie and a friendly orc zombie.

Vanquished Creatures
  Sigmund (D:4)
  An ogre (D:5)
  2 scorpions (D:4)
  A vampire bat (D:3)
  4 orc priests
  A hound (D:4)
  2 jellies (D:5)
  An iguana (D:4)
  2 orc wizards
  7 adders
  3 gnolls (D:3)
  11 bats
  3 worms
  7 dart slugs
  3 fire bats (D:3)
  18 orcs
  2 spectral bats (D:3)
  4 ball pythons
  2 bat skeletons (D:3)
  A bat zombie (D:3)
  7 endoplasms
  2 giant cockroaches
  2 goblins
  5 hobgoblins
  3 jackals (D:1)
  4 kobolds
  4 quokkas
  A bat simulacrum (D:3)
  8 frilled lizards
  2 rats
114 creatures vanquished.

Vanquished Creatures (collateral kills)
  A worm (D:2)
  5 orcs (D:4)
  A ball python (D:4)
  A bat skeleton (D:3)
  An endoplasm (D:2)
  A giant cockroach (D:4)
  A hobgoblin (D:3)
  A frilled lizard (D:3)
  A kobold (D:4)
13 creatures vanquished.

Vanquished Creatures (others)
  A hound zombie (D:4)
  6 bat zombies (D:3)
  An adder zombie (D:4)
  A worm zombie (D:2)
  A fire bat zombie (D:3)
  A dart slug zombie (D:4)
  2 endoplasm zombies
  A hobgoblin zombie (D:4)
  2 orc zombies (D:4)
16 creatures vanquished.

Grand Total: 143 creatures vanquished

Notes
Turn   | Place    | Note
-------+----------+-------------------------------------------
     0 | D:1      | Colgate the Octopode Transmuter began the quest for the
                  | Orb.
     0 | D:1      | Reached XP level 1. HP: 13/13 MP: 3/3
    69 | D:1      | Reached skill level 1 in Stealth
   376 | D:1      | Reached XP level 2. HP: 18/18 MP: 3/5
   675 | D:1      | Learned a level 2 spell: Wereblood
   876 | D:1      | Reached XP level 3. HP: 19/23 MP: 2/6
   880 | D:1      | Learned a level 3 spell: Spider Form
  2046 | D:1      | Found a basalt altar of Yredelemnul.
  2058 | D:1      | Became a worshipper of Yredelemnul the Dark
  2463 | D:2      | Reached skill level 4 in Unarmed Combat
  2463 | D:2      | Reached * piety under Yredelemnul
  2657 | D:2      | You fall into a shaft and drop 2 floors!
  2846 | D:4      | Reached XP level 4. HP: 22/28 MP: 7/7
  3305 | D:4      | Noticed a scorpion
  3314 | D:4      | Killed a scorpion
  3315 | D:4      | Reached XP level 5. HP: 30/33 MP: 2/8
  3369 | D:4      | Noticed Sigmund
  3397 | D:4      | Killed Sigmund
  3398 | D:4      | Reached XP level 6. HP: 23/38 MP: 1/9
  3585 | D:4      | Found a glowing golden altar of the Shining One.
  3586 | D:4      | Found a shadowy altar of Dithmenos.
  3587 | D:4      | Found a sacrificial altar of Ru.
  3875 | D:4      | Reached ** piety under Yredelemnul
  4161 | D:4      | Learned a level 4 spell: Ice Form
  4489 | D:4      | Reached skill level 1 in Invocations
  4489 | D:4      | Reached XP level 7. HP: 43/43 MP: 7/11
  4808 | D:4      | Found a stormy altar of Qazlal.
  4814 | D:4      | Found a shadowy altar of Dithmenos.
  5084 | D:4      | Found a glowing golden altar of the Shining One.
  6144 | D:3      | Reached skill level 5 in Unarmed Combat
  6749 | D:3      | Found Kuorenoj's Distillery.
  6787 | D:3      | Bought a potion of curing for 30 gold pieces
  6994 | D:3      | Found a radiant altar of Vehumet.
  7135 | D:3      | Found a hazy altar of Hepliaklqana.
  7258 | D:3      | Found a blossoming altar of Fedhas.
  8352 | D:2      | Reached XP level 8. HP: 46/48 MP: 9/12
  9111 | D:2      | Found a faded altar of an unknown god.
  9259 | D:3      | Bought a potion of haste for 100 gold pieces
  9364 | D:5      | Entered Level 5 of the Dungeon
  9758 | D:5      | Reached skill level 6 in Unarmed Combat
  9960 | D:5      | HP: 1/48 [orc/+0 mace (7)]
  9960 | D:5      | Slain by a hound

Illustrated notes

Levels and vault maps discovered:
D:1:      dpeg_arrival_water_altar, layout_basic, minmay_misc_feat_diagonals
D:2:      layout_basic, hellmonk_ecumenical_altar_inner_sanctum
D:3:      kennysheep_big_flooded_room, layout_loops_cross, old_standard_altar,
          mainiacjoe_overflow_brackets, fedhas_altar_2, serial_shops,
          nicolae_shop_advertising_works [nicolae_subvault_shop_adworks],
          goddamned_bats
D:4:      layout_basic, nicolae_overflow_quartered_altars, uniq_sigmund
D:5:      layout_loops_ring

Skill      XL: |  1  2  3  4  5  6  7  8 |
---------------+-------------------------+-----
Stealth        | 2 3 |  3.1
Unarmed Combat | 4 5 6 |  6.4
Transmutations | 3 4 |  4.0
Ice Magic      | 2 4 |  4.4
Spellcasting   | 3 |  3.1
Invocations    | 1 |  1.9
Fighting       | |  1.0
Dodging        | |  2.0

Action                   |  1- 3 |  4- 6 |  7- 9 || total
-------------------------+-------+-------+-------++-------
Melee: Unarmed           |    64 |    73 |   131 ||   268
       Constrict         |    15 |     5 |     3 ||    23
       Kick              |    13 |       |       ||    13
       Tentacles         |    10 |     7 |     4 ||    21
       Punch             |     1 |       |     1 ||     2
 Cast: Beastly Appendage |    10 |       |     1 ||    11
       Wereblood         |     1 |     1 |     6 ||     8
       Spider Form       |     8 |     9 |     1 ||    18
       Ice Form          |       |     3 |    42 ||    45
Invok: Dark Bargain      |       |     1 |       ||     1
 Abil: End Transformatio |       |     1 |     1 ||     2
  Use: Potion            |       |     3 |       ||     3
 Stab: Sleeping          |    11 |     4 |     4 ||    19
       Distracted        |       |       |     2 ||     2
Armor: Skin              |     4 |     1 |    50 ||    55
Dodge: Dodged            |    18 |    55 |    82 ||   155

Table legend: (Time is in decaauts)
 A = Elapsed time spent in this place.
 B = Non-inter-level travel time spent in this place.
 C = Inter-level travel time spent in this place.
 D = Time resting spent in this place.
 E = Time spent auto-exploring this place.
 F = Levels seen in this place.
 G = Mean time per level.
                   A        B        C        D        E       F      G
               +--------+--------+--------+--------+--------+-----+--------+
         Total |  11763 |  11395 |    368 |    923 |   9543 |   5 | 2352.6 |
       Dungeon |  11763 |  11395 |    368 |    923 |   9543 |   5 | 2352.6 |
               +--------+--------+--------+--------+--------+-----+--------+

Top non-repeatable levels by time:
     D:4: 3888 daAuts
     D:3: 3092 daAuts
     D:1: 2100 daAuts
     D:2: 2082 daAuts
     D:5: 599 daAuts
